 Dungeon Crawl Stone Soup version 0.27-a0-1154-gfdeffcb720 (webtiles) character file.

Game seed: 13490063270484223676

18053 robertstho the Cleaver (level 12, -6/97 HPs)
             Began as a Minotaur Monk on May 14, 2021.
             Was a High Priest of Hepliaklqana.
             Shot with an arrow by a centaur warrior (23 damage)
             ... on level 13 of the Dungeon.
             The game lasted 00:13:32 (11619 turns).

robertstho the Cleaver (Minotaur Monk)             Turns: 11619, Time: 00:13:33

Health: -6/97      AC: 18    Str: 21    XL:     12   Next: 24%
Magic:  0/17       EV: 14    Int:  7    God:    Hepliaklqana [*****.]
Gold:   672        SH:  0    Dex: 13    Spells: 11/11 levels left

rFire    . . .     SeeInvis +   B - +0 war axe
rCold    . . .     Faith    .   (no shield)
rNeg     . . .     Spirit   +   x - +4 ring mail "Okior" {Slay+2 SInv}
rPois    .         Reflect  .   (helmet restricted)
rElec    .         Harm     .   (no cloak)
rCorr    .         Rampage  .   s - +1 pair of gloves
Will     .....                  t - +0 pair of boots
Stlth    +.........             e - amulet of guardian spirit
HPRegen  0.26/turn              f - +4 ring of protection
MPRegen  0.15/turn              v - +4 ring of slaying

@: no status effects
A: reduced essence, horns 2, retaliatory headbutt
a: Renounce Religion, Recall Ancestor, Ancestor Identity, Transference, Idealise


You were on level 13 of the Dungeon.
You worshipped Hepliaklqana.
Hepliaklqana was extremely pleased with you.
You visited 2 branches of the dungeon, and saw 14 of its levels.

You collected 672 gold pieces.

Inventory:

Hand Weapons
 B - a +0 war axe (weapon)
Missiles
 z - 2 curare-tipped darts (quivered)
Armour
 s - a +1 pair of gloves (worn)
 t - a +0 pair of boots (worn)
 x - the +4 ring mail "Okior" (worn) {Slay+2 SInv}
   (You found it on level 6 of the Dungeon)

   It affects your accuracy and damage with ranged weapons and melee attacks
   (+2).
   It lets you see invisible.
 A - a +0 plate armour
 L - +0 acid dragon scales
Jewellery
 e - an amulet of guardian spirit (around neck)
 f - a +4 ring of protection (left hand)
 p - a +6 ring of strength
 v - a +4 ring of slaying (right hand)
 K - a ring of resist corrosion
 N - a ring of positive energy
Wands
 r - a wand of mindburst (6)
 D - a wand of flame (35)
 F - a wand of charming (10)
 H - a wand of iceblast (8)
Scrolls
 a - 3 scrolls of enchant armour
 b - a scroll of fog
 g - a scroll of teleportation {unknown}
 j - 2 scrolls of holy word
 m - 2 scrolls of enchant weapon {unknown}
 q - 3 scrolls of magic mapping
 u - 2 scrolls of torment {unknown}
 y - a scroll of immolation
 E - a scroll of acquirement {unknown}
 G - a scroll of silence
Potions
 c - a potion of attraction {unknown}
 d - 2 potions of curing
 h - 2 potions of might
 i - 2 potions of magic
 k - a potion of mutation
 l - a potion of berserk rage {unknown}
 n - 2 potions of flight {unknown}
 o - 6 potions of haste
 w - 2 potions of invisibility {unknown}
 C - a potion of heal wounds {unknown}
 I - a potion of cancellation {unknown}
 J - a potion of resistance


   Skills:
 + Level 10.8 Fighting
 + Level 14.8 Axes
 + Level 9.4 Armour
 + Level 7.5 Dodging
 - Level 2.0 Stealth
 * Level 8.8 Invocations


You had 11 spell levels left.
You didn't know any spells.
Your spell library contained the following spells:

 Spells                   Type           Power      Damage    Failure   Level
 Magic Dart               Conj           0%         1d3       56%         1
 Blink                    Tloc           N/A        N/A       71%         2
 Call Imp                 Summ           0%         N/A       71%         2
 Poisonous Vapours        Pois/Air       0%         N/A       71%         2
 Slow                     Hex            0%         N/A       71%         2
 Confusing Touch          Hex            0%         N/A       91%         3
 Conjure Flame            Conj/Fire      0%         6-21      91%         3
 Gell's Gravitas          Tloc           0%         N/A       91%         3
 Mephitic Cloud           Conj/Pois/Air  0%         N/A       91%         3
 Petrify                  Tmut/Erth      0%         N/A       100%        4
 Metabolic Englaciation   Hex/Ice        0%         N/A       100%        5
 Yara's Violent Unravell  Hex/Tmut       0%         3d3       100%        5
 Freezing Cloud           Conj/Ice/Air   0%         6-21      100%        6


Dungeon Overview and Level Annotations

Branches:
Dungeon (13/15)            Temple (1/1) D:4            Lair (0/6) D:10
    Orc (0/2) D:9
 Vaults: D:13-14

Altars:
Ashenzari
Cheibriados
Dithmenos
Elyvilon
Fedhas
Gozag
Hepliaklqana
Kikubaaqudgha
Makhleb
Nemelex Xobeh
Okawaru
Qazlal
Ru
Sif Muna
Trog
Uskayaw
Xom
Yredelemnul
Zin
The Shining One

Shops:
D:10 :

Annotations:
D:3 1 runed translucent door, HendSelp's ghost, weakling MiGl


Innate Abilities, Weirdness & Mutations

Your life essence is reduced to manifest your ancestor. (-10% HP)
You have a pair of horns on your head.
You reflexively headbutt those who attack you in melee.


Message History

The centaur shoots an arrow.
The arrow misses you.
You feel better.
The centaur unwields a +0 shortbow.
The centaur completely misses Æðelind.
The centaur kicks Æðelind.
The centaur shoots an arrow.
The arrow barely misses you.
The centaur warrior unwields a +0 longbow.
The centaur warrior hits Æðelind. Æðelind is destroyed!
The centaur shoots an arrow.
The arrow completely misses you.
The centaur shoots an arrow.
The arrow misses you.
Aiming: Iceblast
Press: ? - help, Shift-Dir - straight line, f/p - centaur
Aim: a centaur, wielding a +0 shortbow and quivering arrows (heavily wounded)
The mass of ice explodes!
The iceblast engulfs the centaur!
The centaur is almost dead.
The iceblast engulfs the centaur warrior!
The centaur warrior is moderately wounded.
The iceblast engulfs the centaur!!
The centaur is severely wounded.
The iceblast engulfs the centaur!!
You kill the centaur!
The iceblast engulfs the centaur!
The centaur is severely wounded.
You hear an angry buzzing noise. x2
The centaur shoots an arrow.
The arrow hits you but does no damage.
The centaur shoots an arrow.
The arrow barely misses you.
The centaur shoots an arrow.
The arrow hits you but does no damage.
Aiming: Iceblast
Press: ? - help, Shift-Dir - straight line, f/p - centaur
Aim: a centaur, wielding a +0 shortbow and quivering arrows (almost dead)
The mass of ice explodes!
The iceblast engulfs the centaur!
You kill the centaur!
The iceblast engulfs the centaur!
You kill the centaur!
The iceblast engulfs the centaur warrior!
The centaur warrior is heavily wounded.
The iceblast engulfs the centaur!
You kill the centaur!
The centaur warrior wields a +0 longbow.
The centaur warrior shoots an arrow.
The arrow hits you!!
You die...

................ ...............#
#............#
#............##.#.. ##
###..........###.#..
##..#..)................
#.....cc))..#....#......
............#....##.....
...............)@................
................(.............(..
.................................
...........####..................
..........# #...................
..........# #...................
..........# #.............###..#
..<......### ###..........## #...
.........#.# ##.......#....# #...


You could see a centaur warrior and a centaur.

Vanquished Creatures
  A boulder beetle (D:10)
  3 two-headed ogres
  2 manticores (D:12)
  3 cyclopes
  2 gargoyles (D:11)
  A centaur zombie (D:11)
  3 unseen horrors
  2 kobold demonologists
  4 trolls
  2 slime creatures (D:13)
  A meliai zombie (D:11)
  A wraith (D:12)
  A spriggan (shapeshifter) (D:13)
  A shadow (D:11)
  14 yaks
  2 water moccasins (D:6)
  An acid dragon (D:12)
  A black bear (D:10)
  A hornet zombie (D:6)
  5 orc warriors
  A sky beast (D:7)
  A necrophage (D:7)
  An ogre (D:9)
  8 centaurs
  3 kobold brigands
  Blork the orc (D:6)
  4 bullfrogs
  4 scorpions
  A wyvern skeleton (D:7)
  A water moccasin skeleton (D:4)
  4 wights (D:10)
  9 killer bees
  A howler monkey (D:9)
  An electric eel (D:8)
  A bullfrog zombie (D:5)
  6 orc priests
  A gnoll shaman (D:7)
  4 hounds
  A bullfrog skeleton (D:5)
  A centaur skeleton (D:4)
  3 iguanas
  11 orc wizards
  3 howler monkey zombies
  4 adders
  6 gnolls
  A shadow imp (D:8)
  An ufetubus (D:4)
  2 dart slugs (D:1)
  38 orcs
  5 ball pythons
  An endoplasm (D:1)
  A giant cockroach (D:4)
  2 goblins (D:1)
  5 hobgoblins
  3 jackals (D:1)
  2 quokkas (D:1)
  2 bats (D:1)
  3 frilled lizards
  17 kobolds
  3 rats (D:1)
  A bush (D:9)
219 creatures vanquished.

Vanquished Creatures (collateral kills)
  A boulder beetle (D:13)
  A two-headed ogre (D:10)
  A cyclops (D:11)
  Maurice (D:13)
  A troll (D:11)
  2 slime creatures (D:13)
  Sigmund (D:6)
  2 yaks
  A swamp drake (D:9)
  A wight (D:10)
  A bullfrog zombie (D:5)
  2 orc priests
  A hound (D:4)
  A gnoll (D:8)
  An adder (D:6)
  4 orcs
  A hobgoblin (D:4)
  A bush (D:9)
24 creatures vanquished.

Vanquished Creatures (others)
  2 hexers
  A goblin (D:3)
  17 fungi
  17 plants (D:10)
37 creatures vanquished.

Grand Total: 280 creatures vanquished

Notes
Turn   | Place    | Note
-------+----------+-------------------------------------------
     0 | D:1      | robertstho the Minotaur Monk began the quest for the Orb.
     0 | D:1      | Reached XP level 1. HP: 19/19 MP: 0/0
    89 | D:1      | Reached skill level 4 in Axes
    89 | D:1      | Reached XP level 2. HP: 27/27 MP: 1/1
   182 | D:1      | Found a faded altar of an unknown god.
   308 | D:1      | Reached XP level 3. HP: 33/33 MP: 2/2
  1533 | D:3      | Found a runed translucent door.
  1533 | D:3      | Noticed HendSelp's ghost (weakling MiGl)
  1696 | D:4      | Reached XP level 4. HP: 32/40 MP: 1/3
  1697 | D:4      | Reached skill level 5 in Axes
  1697 | D:4      | Reached skill level 1 in Armour
  1826 | D:4      | Reached XP level 5. HP: 46/47 MP: 4/4
  1851 | D:4      | Found a staircase to the Ecumenical Temple.
  1867 | Temple   | Entered the Ecumenical Temple
  2092 | Temple   | Became a worshipper of Hepliaklqana the Forgotten
  2092 | Temple   | Reached * piety under Hepliaklqana
  2092 | Temple   | Reached ** piety under Hepliaklqana
  2093 | Temple   | Remembered your ancestor Æðelind as a hexer
  2413 | D:4      | Reached skill level 6 in Axes
  2479 | D:5      | Entered Level 5 of the Dungeon
  2488 | D:5      | Reached skill level 1 in Invocations
  2488 | D:5      | Reached XP level 6. HP: 45/47 MP: 5/5
  2776 | D:5      | Identified the +7 dagger "Luca Hou" {vorpal, rC+ Str+4
                  | Dex-2 Stlth+}
  2841 | D:5      | Found a glowing golden altar of the Shining One.
  2865 | D:5      | Reached skill level 5 in Fighting
  3140 | D:5      | Found a glowing silver altar of Zin.
  3295 | D:6      | Noticed Sigmund
  3307 | D:6      | Killed Sigmund
  3308 | D:6      | Reached skill level 7 in Axes
  3308 | D:6      | Reached XP level 7. HP: 48/54 MP: 5/7
  3601 | D:6      | Noticed Blork the orc
  3614 | D:6      | Killed Blork the orc
  3768 | D:6      | Identified the +4 ring mail "Okior" {Slay+2 SInv}
  3981 | D:6      | Reached skill level 5 in Armour
  3981 | D:6      | Reached XP level 8. HP: 60/62 MP: 7/9
  4195 | D:6      | Reached skill level 8 in Axes
  4212 | D:6      | Found a white marble altar of Elyvilon.
  4467 | D:7      | Reached *** piety under Hepliaklqana
  4743 | D:7      | Reached skill level 9 in Axes
  5012 | D:8      | Found a stormy altar of Qazlal.
  5385 | D:8      | Reached XP level 9. HP: 45/70 MP: 7/11
  5390 | D:8      | Reached skill level 10 in Axes
  5715 | D:8      | Reached **** piety under Hepliaklqana
  5775 | D:8      | Found a shimmering altar of Xom.
  5775 | D:8      | Found a sacrificial altar of Ru.
  5854 | D:9      | Reached skill level 5 in Dodging
  5854 | D:9      | Reached skill level 5 in Invocations
  6132 | D:9      | Reached skill level 11 in Axes
  6266 | D:9      | Noticed a two-headed ogre
  6273 | D:9      | Killed a two-headed ogre
  6274 | D:9      | Reached XP level 10. HP: 71/79 MP: 11/13
  6342 | D:9      | Found a large runed translucent door.
  6343 | D:9      | Found a large runed translucent door.
  6409 | D:9      | Found a staircase to the Orcish Mines.
  6786 | D:9      | Found a blossoming altar of Fedhas.
  6969 | D:9      | Reached skill level 12 in Axes
  7082 | D:9      | Found a bloodstained altar of Trog.
  7255 | D:9      | Found an opulent altar of Gozag.
  7262 | D:9      | Found an iron altar of Okawaru.
  7369 | D:10     | Entered Level 10 of the Dungeon
  7445 | D:10     | Noticed a two-headed ogre
  7450 | D:10     | Killed a two-headed ogre
  7544 | D:10     | Found a staircase to the Lair.
  7742 | D:10     | Found Guri's Book Shoppe.
  7962 | D:10     | Found a hide-covered altar of Uskayaw.
  8046 | D:10     | Noticed a boulder beetle
  8065 | D:10     | Killed a boulder beetle
  8066 | D:10     | Reached skill level 13 in Axes
  8066 | D:10     | Reached XP level 11. HP: 77/87 MP: 15/15
  8150 | D:10     | Reached ***** piety under Hepliaklqana
  8418 | D:11     | Noticed a two-headed ogre
  8633 | D:11     | Killed a two-headed ogre
  8874 | D:11     | Noticed a two-headed ogre
  8883 | D:11     | Killed a two-headed ogre
  9206 | D:11     | Reached skill level 10 in Fighting
  9523 | D:11     | Reached skill level 14 in Axes
  9653 | D:11     | Found a basalt altar of Yredelemnul.
 10075 | D:12     | Noticed a sun demon
 10845 | D:12     | Reached XP level 12. HP: 96/96 MP: 17/17
 11499 | D:13     | Noticed a boulder beetle
 11519 | D:13     | Killed a boulder beetle
 11603 | D:13     | Noticed Maurice
 11603 | D:13     | Noticed a centaur warrior
 11613 | D:13     | HP: 3/97 [centaur/arrow[a centaur warrior] (6)]
 11615 | D:13     | Killed Maurice
 11619 | D:13     | Shot with an arrow by a centaur warrior

Illustrated notes

Levels and vault maps discovered:
D:1:      saegor_arrival_miasma, layout_rooms,
          hellmonk_ecumenical_altar_heavens_door
D:2:      layout_basic, kennysheep_cross_bottleneck
D:3:      layout_basic, fiery_altar_vehumet, nicolae_overflow_crystal_walls,
          hellmonk_ghost_happy_afterlife
D:4:      layout_rooms, minmay_temple_entry_proselytizer,
          minmay_misc_feat_plants, saegor_snake_ambush
D:5:      layout_basic, zin_statuary, nicolae_tso_carved_into_rock, st_stairs_6
D:6:      layout_cave_pods, marbit_many_paths, uniq_sigmund, uniq_blork_the_orc
D:7:      layout_rooms
D:8:      layout_layer_cave, lemuel_round_altar,
          amethyst_overflow_temple_binary, fungi_pond_lemuel
D:9:      layout_basic, trog_butcher_becter, jmf_multi_god_temple2,
          fedhas_bush_and_centaur_altar, erik_orc_1
D:10:     layout_loops_ring, lemuel_crystal_altar,
          grunt_lair_entry_orc_guard_hut, serial_shops, nicolae_shop_stone,
          nicolae_twisting_strands
D:11:     layout_rooms, lemuel_zombie_altar_yredelemnul
D:12:     layout_long_grid
D:13:     layout_cave_pools, eino_house_with_fridge, uniq_azrael, uniq_maurice
Temple:   nicolae_temple_figure_zero

Skill      XL: |  1  2  3  4  5  6  7  8  9 10 11 |
---------------+----------------------------------+-----
Axes           | 4 5 6 7 9 11 13 14 | 14.8
Fighting       | 4 5 6 8 9 10 | 10.8
Armour         | 1 2 3 5 6 7 8 9 |  9.4
Dodging        | 4 5 6 7 |  7.5
Stealth        | 2 |  2.0
Invocations    | 1 2 3 4 5 7 8 |  8.8

Action                   |  1- 3 |  4- 6 |  7- 9 | 10-12 || total
-------------------------+-------+-------+-------+-------++-------
Melee: Hand axe          |    64 |    97 |   171 |    95 ||   427
       Headbutt          |     8 |    18 |    44 |    94 ||   164
       War axe           |       |       |       |   243 ||   243
Invok: Ancestor Life: He |       |     1 |       |       ||     1
Evoke: Wand              |       |       |       |     3 ||     3
  Use: Scroll            |     6 |     2 |     3 |     3 ||    14
       Potion            |       |       |       |     4 ||     4
 Stab: Distracted        |       |     2 |     6 |     4 ||    12
       Confused          |       |       |     1 |     6 ||     7
Armor: Robe              |     3 |       |       |       ||     3
       Scale mail        |    17 |       |       |       ||    17
       Chain mail        |     9 |    51 |     7 |       ||    67
       Ring mail         |       |       |    72 |   126 ||   198
Dodge: Dodged            |    41 |    26 |    86 |   198 ||   351

Table legend: (Time is in decaauts)
 A = Elapsed time spent in this place.
 B = Non-inter-level travel time spent in this place.
 C = Inter-level travel time spent in this place.
 D = Time resting spent in this place.
 E = Time spent auto-exploring this place.
 F = Levels seen in this place.
 G = Mean time per level.
                   A        B        C        D        E       F      G
               +--------+--------+--------+--------+--------+-----+--------+
         Total |  11545 |  11035 |    510 |    510 |   9167 |  14 |  824.6 |
       Dungeon |  11307 |  10821 |    486 |    510 |   8955 |  13 |  869.8 |
        Temple |    238 |    214 |     24 |      0 |    212 |   1 |  238.0 |
               +--------+--------+--------+--------+--------+-----+--------+

Top non-repeatable levels by time:
     D:9: 1491 daAuts
    D:12: 1323 daAuts
    D:10: 1228 daAuts
    D:11: 1165 daAuts
     D:6: 1110 daAuts
     D:2: 1012 daAuts
     D:8: 999 daAuts
     D:5: 774 daAuts
     D:4: 659 daAuts
    D:13: 488 daAuts
     D:7: 415 daAuts
     D:1: 399 daAuts
     D:3: 240 daAuts
  Temple: 238 daAuts
